[Event "Titled Tuesday Blitz March 28 Late 2023"]
[White "Koellner, Ruben Gideon"]
[Black "Van Foreest, Lucas"]
[WhiteFideId "12993093"]
[BlackFideId "1039792"]
[WhiteElo "2303"]
[BlackElo "2519"]
[Result "0-1"]
[Round "05"]
[TimeControl "180+2"]
[Date "2023.03.28"]
[WhiteClock "0:00:06"]
[BlackClock "0:01:31"]

1. d4 g5 2. Bxg5 Bg7 3. Nf3 c5 4. Be3 Nc6 5. c3 Qb6 6. Qb3 cxd4 7. Qxb6 dxc3 8. Nxc3 axb6 9. Bxb6 Nb4 10. Rc1 Bxc3+ 11. Rxc3 Nd5 12. Bd4 Nxc3 13. Bxh8 Nxa2 14. e3 f6 15. Bc4 e6 16. Kd2 Nb4 17. g4 d5 18. Bb5+ Bd7 19. Bxd7+ Kxd7 20. g5 fxg5 21. Nxg5 Ne7 22. Bc3 Nbc6 23. f4 h6 24. Nf3 Nf5 25. Rg1 Ra4 26. Ne5+ Nxe5 27. Bxe5 Re4 28. Re1 Nh4 29. Rf1 Ng6 30. Bd4 Ne7 31. Kd3 Nf5 32. Rg1 Nxd4 33. exd4 Rxf4 34. Rg7+ Kd6 35. Rxb7 Rf3+ 36. Ke2 Rh3 37. Rb6+ Ke7 38. Rb7+ Kf6 39. b4 Rxh2+ 40. Ke3 Rh3+ 41. Ke2 h5 42. b5 Kf5 0-1


[Site "https://www.chess.com"]

[Event "Titled Tuesday Blitz March 28 Late 2023"]
[White "Cori T., Deysi"]
[Black "Pichot, Alan"]
[WhiteFideId "3801934"]
[BlackFideId "110973"]
[WhiteElo "2292"]
[BlackElo "2573"]
[Result "0-1"]
[Round "05"]
[TimeControl "180+2"]
[Date "2023.03.28"]
[WhiteClock "0:00:02"]
[BlackClock "0:00:44"]

1. Nf3 g6 2. d4 Nf6 3. g3 Bg7 4. Bg2 O-O 5. O-O d6 6. b3 b5 7. Bb2 Bb7 8. a4 b4 9. a5 a6 10. Nbd2 Nbd7 11. Nc4 Rb8 12. Qd2 Be4 13. Rfd1 Qc8 14. Ne1 Bxg2 15. Nxg2 Qb7 16. f3 Nd5 17. e4 Nc3 18. Bxc3 bxc3 19. Qxc3 c5 20. Qe3 cxd4 21. Rxd4 Rfc8 22. Rad1 Bxd4 23. Qxd4 Qb4 24. Nge3 Qc5 25. Kg2 Qxd4 26. Rxd4 Rc5 27. f4 Rbc8 28. Kf3 Kf8 29. h4 Nb8 30. Rd1 Ke8 31. Ra1 Nc6 32. c3 Rb5 33. Ra3 Nb8 34. b4 Nd7 35. Ke2 Rb7 36. Kd3 Rbc7 37. Nb6 Rb8 38. Ned5 Rc6 39. c4 e6 40. Nxd7 Kxd7 41. Nb6+ Kc7 42. b5 axb5 43. cxb5 Rc5 44. a6 Kxb6 45. a7 Ra8 46. Ra6+ Kxb5 47. Rxd6 Rxa7 48. Rd8 e5 49. fxe5 Ra3+ 50. Kd4 Rc4+ 51. Kd5 Rd3# 0-1


[Site "https://www.chess.com"]

[Event "Titled Tuesday Blitz March 28 Late 2023"]
[White "Ozates, Tuna"]
[Black "Ozen, Bahadir"]
[WhiteFideId "6354521"]
[BlackFideId "6337058"]
[WhiteElo "2151"]
[BlackElo "2503"]
[Result "1-0"]
[Round "05"]
[TimeControl "180+2"]
[Date "2023.03.28"]
[WhiteClock "0:01:07"]
[BlackClock "0:00:36"]

1. e4 h6 2. d4 e6 3. Nf3 d5 4. e5 c5 5. c3 Ne7 6. a3 Nec6 7. b4 b6 8. Bd3 Be7 9. O-O g5 10. Be3 g4 11. Ne1 h5 12. f4 f5 13. exf6 Bxf6 14. dxc5 bxc5 15. Bxc5 Kf7 16. Bc2 Nd7 17. Be3 Ba6 18. Nd3 Rc8 19. a4 Bc4 20. Rf2 Ne7 21. Ne5+ Kg7 22. Bd4 Nf5 23. Bxf5 exf5 24. Na3 h4 25. Naxc4 dxc4 26. Nxd7 1-0


[Site "https://www.chess.com"]

[Event "Titled Tuesday Blitz March 28 Late 2023"]
[White "Melkumyan, Hrant"]
[Black "Risteski, Emil"]
[WhiteFideId "13302485"]
[BlackFideId "15005267"]
[WhiteElo "2604"]
[BlackElo "2251"]
[Result "1-0"]
[Round "05"]
[TimeControl "180+2"]
[Date "2023.03.28"]
[WhiteClock "0:00:17"]
[BlackClock "0:00:03"]

1. d4 d6 2. Nf3 Nf6 3. c4 Nbd7 4. Nc3 e5 5. Bg5 Be7 6. e3 c6 7. Qc2 Qc7 8. O-O-O Nf8 9. c5 exd4 10. cxd6 Bxd6 11. Bxf6 gxf6 12. exd4 Be6 13. Bd3 O-O-O 14. Rhe1 Ng6 15. g3 Ne7 16. Nh4 Qa5 17. Kb1 Kb8 18. a3 Bc7 19. Be4 Bb6 20. Ne2 Qb5 21. Bd3 Qa5 22. Bc4 Nd5 23. Rd2 a6 24. Rc1 Bc7 25. Ng2 Qb6 26. Ne3 Qa5 27. Bxd5 Bxd5 28. Nxd5 Rxd5 29. Nc3 Rd7 30. Rcd1 h5 31. d5 cxd5 32. Rxd5 Rxd5 33. Rxd5 Qb6 34. h4 Be5 35. Na4 Qe6 36. Qd3 Rc8 37. Nc5 Qc6 38. Nd7+ Ka8 39. Nxe5 fxe5 40. Rxe5 Qc1+ 41. Ka2 Qc7 42. Rxh5 Qb6 43. Rf5 Qe6+ 44. Qd5 Qe2 45. Rxf7 Rb8 46. Rf6 Qc2 47. Rxa6# 1-0


[Site "https://www.chess.com"]

[Event "Titled Tuesday Blitz March 28 Late 2023"]
[White "Mekhane, Adam"]
[Black "Boyer, Mahel"]
[WhiteFideId "36050601"]
[BlackFideId "45102422"]
[WhiteElo "2177"]
[BlackElo "2439"]
[Result "1-0"]
[Round "05"]
[TimeControl "180+2"]
[Date "2023.03.28"]
[WhiteClock "0:00:02"]
[BlackClock "0:00:01"]

1. e4 Nc6 2. Nf3 d5 3. exd5 Qxd5 4. Nc3 Qh5 5. Nb5 Kd8 6. d4 Bg4 7. d5 Ne5 8. Be2 Nxf3+ 9. gxf3 Bd7 10. Bf4 Bxb5 11. Bxb5 g6 12. Qd4 Nf6 13. O-O-O Bh6 14. Rhe1 a6 15. Ba4 b5 16. Bb3 Re8 17. Kb1 Bxf4 18. Qxf4 Qf5 19. Qd4 Nd7 20. Re3 Qf6 21. Qe4 Nc5 22. Qb4 Nb7 23. Rde1 Qd6 24. Qh4 a5 25. c3 Nc5 26. Bc2 h5 27. Qd4 Rb8 28. a3 b4 29. axb4 axb4 30. cxb4 Na6 31. Rc3 Nxb4 32. Qa7 Qb6 33. Qxb6 Rxb6 34. Ba4 Rf8 35. Bc6 e6 36. Rd1 exd5 37. Bxd5 Rd6 38. Bb3 Rxd1+ 39. Bxd1 Re8 40. Rc4 Re1 41. Rxb4 Rxd1+ 42. Kc2 Rf1 43. Rf4 Rxf2+ 44. Kc3 Ke7 45. h3 g5 46. Rf5 f6 47. h4 Ke6 48. Rc5 Rxf3+ 49. Kc4 Kd6 50. hxg5 Rf4+ 51. Kb5 fxg5 52. Rxg5 h4 53. Rh5 Kd7 54. Kc5 Kc8 55. Kc6 Rb4 56. Rh8# 1-0


[Site "https://www.chess.com"]

[Event "Titled Tuesday Blitz March 28 Late 2023"]
[White "Smirnov, Pavel"]
[Black "koteRV1610"]
[WhiteFideId "4123425"]
[WhiteElo "2519"]
[BlackElo "2448"]
[Result "0-1"]
[Round "05"]
[TimeControl "180+2"]
[Date "2023.03.28"]
[WhiteClock "0:00:18"]
[BlackClock "0:01:16"]

1. d4 Nf6 2. c4 e6 3. g3 d5 4. Nf3 Be7 5. Bg2 dxc4 6. Qa4+ Nbd7 7. Qxc4 a6 8. Bf4 Nd5 9. Nc3 Nxf4 10. gxf4 b5 11. Qd3 Bb7 12. O-O c5 13. d5 c4 14. Qd1 Nc5 15. Ne5 O-O 16. Nc6 Bxc6 17. dxc6 Qc7 18. e3 Rad8 19. Qg4 Bf6 20. Rac1 Nd3 21. Rc2 Nb4 22. Re2 Bxc3 23. bxc3 Nxc6 24. Kh1 Ne7 25. Rg1 Ng6 26. Bf3 Qe7 27. Qg2 Rd3 28. Rc2 Qf6 29. Rgc1 Rfd8 30. Be2 Rd2 31. Qb7 Rxc2 32. Rxc2 e5 33. Rc1 exf4 34. e4 f3 35. Bf1 h5 36. Qc7 Rd2 37. Qc8+ Kh7 38. Qh3 Qg5 39. Qxf3 Rd3 0-1


[Site "https://www.chess.com"]

[Event "Titled Tuesday Blitz March 28 Late 2023"]
[White "Aradhya, Garg"]
[Black "Silva, Pedro Gil Ferreira Da"]
[WhiteFideId "25006746"]
[BlackFideId "1946102"]
[WhiteElo "2263"]
[BlackElo "2255"]
[Result "0-1"]
[Round "05"]
[TimeControl "180+2"]
[Date "2023.03.28"]
[WhiteClock "0:00:09"]
[BlackClock "0:00:33"]

1. d4 Nf6 2. c4 e6 3. Nf3 Bb4+ 4. Nbd2 O-O 5. a3 Be7 6. e4 d6 7. Bd3 Nfd7 8. O-O e5 9. d5 a5 10. Bc2 Nc5 11. b3 Bg4 12. Rb1 Nbd7 13. h3 Bh5 14. Re1 c6 15. b4 axb4 16. axb4 Na6 17. dxc6 bxc6 18. b5 cxb5 19. cxb5 Nac5 20. Nc4 Nb6 21. Ne3 Bg5 22. Nf5 Bxc1 23. Rxc1 Bxf3 24. Qxf3 g6 25. Ne3 Ra3 26. Qe2 Ne6 27. Qd2 Nd4 28. Qb4 Ra2 29. Bd3 Qg5 30. Rf1 Rd8 31. Ra1 Rxa1 32. Rxa1 h5 33. Ra6 Rc8 34. Rxb6 Nf3+ 35. Kh1 Rc1+ 36. Nf1 Ne1 37. g3 Nxd3 38. Qxd6 Rxf1+ 39. Kg2 Rxf2+ 40. Kh1 Qc1# 0-1


[Site "https://www.chess.com"]

[Event "Titled Tuesday Blitz March 28 Late 2023"]
[White "Bochnicka, Vladimir"]
[Black "Tazbir, Marcin"]
[WhiteFideId "14943450"]
[BlackFideId "1122452"]
[WhiteElo "2094"]
[BlackElo "2516"]
[Result "0-1"]
[Round "05"]
[TimeControl "180+2"]
[Date "2023.03.28"]
[WhiteClock "0:00:04"]
[BlackClock "0:00:52"]

1. e4 e6 2. d4 d5 3. Nd2 Nf6 4. e5 Nfd7 5. Bd3 c5 6. c3 Nc6 7. Ne2 Qb6 8. Nf3 Be7 9. O-O h6 10. a3 a5 11. Bc2 Qa6 12. Nf4 b5 13. Re1 Nb6 14. Nh5 g6 15. Nf6+ Kd8 16. dxc5 Bxc5 17. Be3 Bxe3 18. Rxe3 Nc4 19. Re2 Nxb2 20. Qb1 Nc4 21. a4 Rb8 22. Qd1 b4 23. Nxd5 exd5 24. Qxd5+ Ke7 25. Bd3 Be6 26. Qd6+ Nxd6 27. exd6+ Kxd6 28. Bxa6 bxc3 29. Rc1 Rb3 30. Re3 Rhb8 31. h3 c2 32. Rxc2 Rxe3 33. fxe3 Rb1+ 34. Kf2 Nb4 35. Rd2+ Kc5 36. Bb5 Nd5 37. Nd4 Nc3 38. Rc2 Kb4 39. Nc6+ Kb3 40. Rd2 Ne4+ 41. Ke2 Nxd2 42. Kxd2 Rb2+ 43. Kd3 Rxg2 44. Nxa5+ Kb4 45. Nc6+ Kc5 46. Nd4 Bxh3 47. a5 Bc8 48. Bc4 f5 49. Bf7 h5 50. a6 Bxa6+ 0-1


[Site "https://www.chess.com"]

[Event "Titled Tuesday Blitz March 28 Late 2023"]
[White "Wagner, Dennis"]
[Black "krucki03"]
[WhiteFideId "24650684"]
[WhiteElo "2470"]
[BlackElo "2370"]
[Result "1-0"]
[Round "05"]
[TimeControl "180+2"]
[Date "2023.03.28"]
[WhiteClock "0:00:18"]
[BlackClock "0:00:01"]

1. d4 Nf6 2. Nf3 c5 3. d5 b5 4. e4 Nxe4 5. Bd3 Nf6 6. Bxb5 Bb7 7. c4 g6 8. O-O Bg7 9. Nc3 O-O 10. Re1 e6 11. Bf4 exd5 12. cxd5 d6 13. Qd3 Nh5 14. Bg5 Bf6 15. Bh6 Bg7 16. Bxg7 Nxg7 17. Ne4 a6 18. Bc4 f5 19. Nxc5 dxc5 20. Re7 Qxe7 21. d6+ Qe6 22. Ng5 Bc8 23. Nxe6 Nxe6 24. Qb3 Rf6 25. Bd5 Nd7 26. Bxa8 Kg7 27. Re1 Ndf8 28. Bd5 Bd7 29. h4 h6 30. a4 g5 31. h5 f4 32. Qb7 Rf7 33. Qxa6 Rf5 34. Qc4 Kf6 35. a5 Nd4 36. a6 f3 37. gxf3 Nfe6 38. a7 1-0


[Site "https://www.chess.com"]

[Event "Titled Tuesday Blitz March 28 Late 2023"]
[White "Hambleton, Aman"]
[Black "Castella Garcia, Fausto"]
[WhiteFideId "2606577"]
[BlackFideId "3501922"]
[WhiteElo "2511"]
[BlackElo "2245"]
[Result "1-0"]
[Round "05"]
[TimeControl "180+2"]
[Date "2023.03.28"]
[WhiteClock "0:00:10"]
[BlackClock "0:00:11"]

1. d4 Nf6 2. Bf4 g6 3. Nc3 Bg7 4. e4 d6 5. Qd2 c6 6. f3 b5 7. Bd3 Nbd7 8. Nge2 e5 9. Bh6 O-O 10. Bxg7 Kxg7 11. O-O exd4 12. Nxd4 Qb6 13. Qf2 Ne5 14. Rfd1 Nfg4 15. fxg4 Nxg4 16. Nf5+ gxf5 17. Qxb6 axb6 18. exf5 d5 19. Re1 b4 20. Ne2 f6 21. Nf4 Ne5 22. Ne6+ Bxe6 23. fxe6 Nxd3 24. cxd3 Rfe8 25. d4 c5 26. dxc5 bxc5 27. Rad1 Rad8 28. Re3 f5 29. Re5 Kf6 30. Rdxd5 Rxd5 31. Rxd5 Rc8 32. e7 Kxe7 33. Rxf5 c4 34. Rf2 Kd6 35. Rd2+ Kc5 36. Kf2 c3 37. Rc2 Kd4 38. Ke2 Re8+ 39. Kd1 Kd3 40. Rf2 Re3 41. bxc3 bxc3 42. Rf3 Rxf3 43. gxf3 h5 44. a4 Kc4 45. Kc2 Kb4 46. h4 Kxa4 47. Kxc3 Kb5 48. Kd4 Kc6 49. Ke5 Kd7 50. Kf5 Kd6 51. Kg5 Ke5 52. Kxh5 Kf4 53. Kg6 Kxf3 54. h5 1-0


[Site "https://www.chess.com"]

[Event "Titled Tuesday Blitz March 28 Late 2023"]
[White "Andreikin, Dmitry"]
[Black "Wieczorek, Oskar"]
[WhiteFideId "4158814"]
[BlackFideId "1133950"]
[WhiteElo "2736"]
[BlackElo "2418"]
[Result "1-0"]
[Round "05"]
[TimeControl "180+2"]
[Date "2023.03.28"]
[WhiteClock "0:02:00"]
[BlackClock "0:01:19"]

1. e4 c5 2. Na3 h5 3. Nf3 a6 4. c3 e6 5. d4 cxd4 6. cxd4 d5 7. e5 Nc6 8. Bd3 Be7 9. Nc2 g5 10. h4 gxh4 11. Be3 Nh6 12. Qd2 Ng4 13. Bg5 Bxg5 14. Qxg5 Qxg5 15. Nxg5 f6 16. exf6 Nxf6 17. f4 Ke7 18. Rxh4 Bd7 19. Kd2 Nd8 20. Ne1 Nf7 21. Nef3 Rag8 22. Re1 Nd6 23. Ne5 Nfe4+ 24. Bxe4 Nxe4+ 25. Nxe4 dxe4 26. g4 1-0


[Site "https://www.chess.com"]

[Event "Titled Tuesday Blitz March 28 Late 2023"]
[White "Sarana, Alexey"]
[Black "Ismagilov, Damir"]
[WhiteFideId "24133795"]
[BlackFideId "34199982"]
[WhiteElo "2714"]
[BlackElo "2078"]
[Result "1-0"]
[Round "05"]
[TimeControl "180+2"]
[Date "2023.03.28"]
[WhiteClock "0:00:12"]
[BlackClock "0:00:13"]

1. d4 Nf6 2. c4 e6 3. Nf3 b6 4. g3 c6 5. Bg2 d5 6. O-O Be7 7. Qc2 O-O 8. Nbd2 c5 9. dxc5 bxc5 10. e4 Nc6 11. a3 d4 12. e5 Nd7 13. Re1 Bb7 14. Nb3 a5 15. Bf4 h6 16. h4 Qb6 17. Nc1 a4 18. Nh2 Na5 19. Qxa4 Bxg2 20. Kxg2 Qb7+ 21. Kg1 Nb6 22. Qb5 Nbxc4 23. Qxb7 Nxb7 24. Nd3 Nba5 25. b4 Nb3 26. Rab1 Rxa3 27. bxc5 Nbd2 28. Bxd2 Nxd2 29. Rb7 Rxd3 30. Rxe7 Rc3 31. Rd7 Nb3 32. Rb1 Rc8 33. Kg2 R8xc5 34. Re1 d3 35. Nf3 Rd5 36. Rxd5 exd5 37. Rd1 d2 38. Nxd2 Rd3 39. Rb1 Nxd2 40. Rb8+ Kh7 41. Rb7 Kg6 42. Rb6+ Kf5 43. Rb7 Ke6 44. h5 Ne4 45. f3 Rd2+ 46. Kh3 Ng5+ 47. Kg4 Rd3 48. Rb6+ Ke7 49. Rb7+ Ke6 50. Rb6+ Kd7 51. f4 Ne4 52. Rb7+ Ke6 53. Rb6+ Ke7 54. Rb7+ Ke6 55. Rb6+ Kd7 56. Rb7+ Kc6 57. Rxf7 Rxg3+ 58. Kf5 d4 59. Kxe4 d3 60. Rf8 d2 61. Rd8 Rg2 62. Ke3 Rh2 63. Rxd2 Rxh5 64. Ke4 Rh1 65. Kf5 h5 66. Rg2 h4 67. Rxg7 h3 68. Rh7 h2 69. Ke6 Rf1 70. Rxh2 Rxf4 71. Rc2+ Kb7 72. Kd7 Rd4+ 73. Ke7 Kb6 74. e6 Kb7 75. Ke8 Kb8 76. e7 Kb7 77. Rf2 Kc7 78. Kf7 Rh4 79. e8=Q Rh7+ 80. Kg6 Rd7 81. Rc2+ Kd6 82. Rd2+ Kc5 83. Qxd7 Kc4 84. Qd3+ Kc5 85. Rc2+ Kb6 86. Qd1 Ka7 87. Qb1 Ka6 88. Ra2# 1-0


[Site "https://www.chess.com"]

[Event "Titled Tuesday Blitz March 28 Late 2023"]
[White "Spata, German"]
[Black "Kramnik, Vladimir"]
[WhiteFideId "113026"]
[BlackFideId "4101588"]
[WhiteElo "2238"]
[BlackElo "2712"]
[Result "0-1"]
[Round "05"]
[TimeControl "180+2"]
[Date "2023.03.28"]
[WhiteClock "0:00:01"]
[BlackClock "0:00:04"]

1. Nf3 c5 2. g3 g6 3. c4 Bg7 4. Bg2 Nc6 5. O-O e6 6. Nc3 Nge7 7. e3 O-O 8. d4 d6 9. b3 cxd4 10. Nxd4 Nxd4 11. exd4 Nf5 12. Ne2 Rb8 13. Bb2 b5 14. cxb5 Rxb5 15. Rc1 Bb7 16. Bxb7 Rxb7 17. Qd2 d5 18. Rc6 h5 19. Nf4 Rc7 20. Rxc7 Qxc7 21. Rc1 Qb6 22. Ne2 Bh6 23. f4 Bg7 24. Kg2 a5 25. Ba3 Ra8 26. Bc5 Qd8 27. Ng1 Nd6 28. Bxd6 Qxd6 29. Nf3 Qb4 30. Qxb4 axb4 31. Rc2 f6 32. Kf2 Bf8 33. Ke3 Kf7 34. Kd3 Bd6 35. Re2 Ke7 36. Rc2 Kd7 37. Re2 Rg8 38. h4 Rc8 39. Rc2 Ra8 40. Re2 Bc7 41. Rc2 Bb6 42. Re2 Kd6 43. Rc2 Ra7 44. Re2 Ra8 45. Rc2 Rf8 46. Re2 Rc8 47. Rc2 Ra8 48. Re2 Bd8 49. Rc2 Be7 50. Re2 Rg8 51. Rh2 Rg7 52. Re2 g5 53. hxg5 fxg5 54. fxg5 Bxg5 55. Rg2 Bf4 56. Ne5 Bxe5 57. dxe5+ Kxe5 58. Ke3 d4+ 59. Kf3 Rf7+ 60. Ke2 Ke4 61. Rh2 e5 62. Rh4+ Kd5 63. Rxh5 Ra7 64. g4 Rxa2+ 65. Kf3 Rb2 66. g5 Rxb3+ 67. Kg4 Rb1 68. g6 Rg1+ 69. Kf5 d3 70. Rg5 Rxg5+ 71. Kxg5 d2 72. g7 d1=Q 73. g8=Q+ Ke4 74. Qg6+ Ke3 75. Qb6+ Qd4 76. Qb5 Qf4+ 77. Kg6 Qd4 78. Kf5 e4 0-1


[Site "https://www.chess.com"]

[Event "Titled Tuesday Blitz March 28 Late 2023"]
[White "Demchenko, Anton"]
[Black "Godzwon, Iwo"]
[WhiteFideId "4160258"]
[BlackFideId "21802483"]
[WhiteElo "2545"]
[BlackElo "2284"]
[Result "1/2-1/2"]
[Round "05"]
[TimeControl "180+2"]
[Date "2023.03.28"]
[WhiteClock "0:00:08"]
[BlackClock "0:00:06"]

1. e4 c5 2. Nf3 e6 3. d4 cxd4 4. Nxd4 Nc6 5. Nc3 Qc7 6. a3 Nf6 7. Be3 a6 8. f4 d6 9. Bd3 Nxd4 10. Bxd4 e5 11. Be3 exf4 12. Bxf4 Be6 13. Qd2 Be7 14. O-O-O O-O 15. Rhg1 Nd7 16. g4 Ne5 17. Be2 Rac8 18. Kb1 Rfd8 19. g5 b5 20. h4 Nc4 21. Bxc4 Qxc4 22. Rg3 Bf8 23. h5 a5 24. b3 Qc5 25. h6 Qxa3 26. Nd5 Bxd5 27. exd5 Qc5 28. Be3 Qc3 29. Qf2 Qe5 30. Bd4 Qxd5 31. Rgd3 Qxg5 32. hxg7 Be7 33. Rh1 a4 34. Rxh7 Kxh7 35. Rh3+ Kg6 36. Rg3 f6 37. Rxg5+ Kxg5 38. Qg2+ Kh6 39. Qh2+ Kg6 40. Qe2 Kf7 41. Qxb5 axb3 42. Qxb3+ Kxg7 43. Qg3+ Kf7 44. Qh3 Rh8 45. Qb3+ Kg7 46. Qe6 Rce8 47. Kb2 Rhf8 48. Qf5 Kf7 49. c3 Rb8+ 50. Kc2 Rg8 51. Qd5+ Kf8 52. Qe6 Rg6 53. Qh3 Kf7 54. Kd3 Rbg8 55. Qd7 Rd8 56. Qa4 Rdg8 57. Qa2+ Kf8 58. Qe6 Rg3+ 59. Kc4 R3g6 60. Kd5 Rg5+ 61. Kc6 R8g7 62. Bxf6 Bxf6 63. Qxf6+ Kg8 64. Qe6+ Kh7 65. Qh3+ Kg8 66. Qc8+ Kh7 67. Qh3+ Kg8 68. Qc8+ Kh7 69. Qh3+ 1/2-1/2


[Site "https://www.chess.com"]

[Event "Titled Tuesday Blitz March 28 Late 2023"]
[White "Ashraf, Artin"]
[Black "Poliakova, Varvara"]
[WhiteFideId "22514805"]
[BlackFideId "13518313"]
[WhiteElo "2188"]
[BlackElo "2075"]
[Result "1-0"]
[Round "05"]
[TimeControl "180+2"]
[Date "2023.03.28"]
[WhiteClock "0:00:19"]
[BlackClock "0:00:07"]

1. Nf3 f5 2. g3 Nf6 3. Bg2 d6 4. O-O e5 5. d4 e4 6. Ne1 g6 7. Bg5 Bg7 8. Bxf6 Qxf6 9. e3 O-O 10. c3 Be6 11. Nd2 d5 12. f3 exf3 13. Ndxf3 Nd7 14. Nd3 Qe7 15. Qb3 b6 16. Nf4 c6 17. Kh1 Nf6 18. Ne5 Rac8 19. a4 Ne4 20. Nf3 g5 21. Nxe6 Qxe6 22. Rad1 h6 23. Qc2 Rf7 24. Ne1 Rcf8 25. Nd3 h5 26. Qe2 h4 27. gxh4 Qh6 28. Qe1 gxh4 29. Nf4 Bf6 30. Bf3 Ng3+ 31. hxg3 hxg3+ 32. Nh5 Bh4 33. Kg2 Qg5 34. Rh1 Re8 35. Rd3 Rfe7 36. Rxh4 Qxh4 37. Qxg3+ Qxg3+ 38. Nxg3 Rxe3 39. Rxe3 Rxe3 40. Nxf5 Re1 41. Kf2 Rb1 42. Ne7+ Kf7 43. Nxc6 Rxb2+ 44. Ke3 Ke6 45. Nxa7 Ra2 46. Bd1 Kd6 47. Nb5+ Kc6 48. Kd3 Ra1 49. Bc2 Rh1 50. Kd2 Rh2+ 51. Kc1 Rh1+ 52. Kb2 Rh2 53. Kb3 Rh1 54. Na3 Rh3 55. Kb2 Rg3 56. Bf5 Rf3 57. Bg6 Rg3 58. Be8+ Kd6 59. Nb5+ Ke6 60. Bc6 Rg2+ 61. Kb3 Rg5 62. Bb7 Kd7 63. Na3 Kd6 64. Ba6 Rg3 65. Be2 Re3 66. Bf1 Kc6 67. Nc2 Rg3 68. Be2 Rh3 69. Bg4 Rg3 70. Bh5 Kd6 71. Nb4 Rh3 72. Bf7 Rf3 73. Bxd5 Rh3 74. Bc4 Rg3 75. Bb5 Rh3 76. Nd3 Rg3 77. Nb2 Re3 78. Nc4+ 1-0


[Site "https://www.chess.com"]

[Event "Titled Tuesday Blitz March 28 Late 2023"]
[White "Corrales Jimenez, Fidel"]
[Black "Freitag, Manfred"]
[WhiteFideId "3506690"]
[BlackFideId "1602004"]
[WhiteElo "2541"]
[BlackElo "2275"]
[Result "0-1"]
[Round "05"]
[TimeControl "180+2"]
[Date "2023.03.28"]
[WhiteClock "0:00:24"]
[BlackClock "0:01:30"]

1. c4 Nf6 2. Nf3 g6 3. g3 Bg7 4. Bg2 O-O 5. O-O d6 6. Nc3 Nbd7 7. Rb1 a5 8. a3 e5 9. b4 axb4 10. axb4 Re8 11. b5 Nc5 12. Ne1 Rb8 13. Nc2 Be6 14. Ne3 Qd7 15. Ba3 Bh3 16. Bxc5 dxc5 17. d3 Bxg2 18. Kxg2 c6 19. bxc6 bxc6 20. Rxb8 Rxb8 21. Qc2 h5 22. Rb1 Rb4 23. Ne4 Nxe4 24. dxe4 Bh6 25. Nd1 Qd4 26. Rxb4 cxb4 27. e3 Qa7 28. Qb3 Qa3 29. Qb1 b3 30. Kf1 Qa2 31. Qb2 Bf8 32. Qc3 Qc2 33. Qa1 Bb4 34. Kg2 Be1 35. Qxe5 Qxd1 36. Qe8+ Kg7 37. Qe5+ Kh7 38. Qe7 Bc3 39. e5 Kg8 40. e6 fxe6 41. Qxe6+ Kh7 42. e4 Bg7 43. f4 b2 44. f5 Qg4 45. h3 Qe2+ 0-1


[Site "https://www.chess.com"]

[Event "Titled Tuesday Blitz March 28 Late 2023"]
[White "Klenburg, Michael"]
[Black "Raja Rithvik R"]
[WhiteFideId "14102072"]
[BlackFideId "35007394"]
[WhiteElo "2396"]
[BlackElo "2402"]
[Result "0-1"]
[Round "05"]
[TimeControl "180+2"]
[Date "2023.03.28"]
[WhiteClock "0:00:34"]
[BlackClock "0:00:14"]

1. g3 d5 2. Bg2 Nf6 3. d3 Bg4 4. Nd2 c6 5. h3 Bh5 6. g4 Bg6 7. f4 e6 8. e4 dxe4 9. dxe4 Bc5 10. Qe2 O-O 11. Ngf3 h6 12. Ne5 Bh7 13. Nd3 Bb6 14. Nc4 Nbd7 15. Bd2 Nc5 16. Nxb6 axb6 17. Nxc5 bxc5 18. Bc3 Ra4 19. b3 Rxe4 20. Bxe4 Nxe4 21. Qe3 Qh4+ 22. Kf1 Ng3+ 23. Kg2 Nxh1 24. Rxh1 Bxc2 25. Qe5 Qf6 26. Qxf6 gxf6 27. Kf3 Kg7 28. Rc1 Bd3 29. Ke3 Ba6 30. h4 Rd8 31. g5 hxg5 32. hxg5 Rd3+ 33. Kf2 Kg6 34. gxf6 Kf5 35. Be5 Rd2+ 36. Ke3 Re2+ 37. Kf3 Rxa2 38. Rg1 Be2+ 39. Ke3 Bg4 40. Rh1 Re2+ 41. Kd3 Rxe5 42. fxe5 Kxe5 43. Kc4 b6 44. Rf1 Be2+ 0-1


[Site "https://www.chess.com"]

[Event "Titled Tuesday Blitz March 28 Late 2023"]
[White "Holt, Conrad"]
[Black "Rastbod, Ali"]
[WhiteFideId "2034387"]
[BlackFideId "12567477"]
[WhiteElo "2592"]
[BlackElo "2211"]
[Result "1/2-1/2"]
[Round "05"]
[TimeControl "180+2"]
[Date "2023.03.28"]
[WhiteClock "0:00:07"]
[BlackClock "0:00:08"]

1. d4 d5 2. c4 e6 3. Nc3 Bb4 4. a3 Bxc3+ 5. bxc3 c6 6. e4 Ne7 7. Bd3 dxc4 8. Bxc4 b6 9. Nf3 Ba6 10. Bxa6 Nxa6 11. O-O O-O 12. Bg5 Re8 13. Qa4 Qc8 14. c4 Ng6 15. Rfd1 e5 16. d5 Nc5 17. Qc2 cxd5 18. cxd5 Qd7 19. d6 Rac8 20. Rd5 Nb7 21. Qd1 Rc6 22. Be7 f6 23. h4 Nf4 24. h5 Nc5 25. g3 Nxd5 26. Qxd5+ Ne6 27. h6 Rc5 28. Qb3 Rxe7 29. dxe7 Qxe7 30. hxg7 Kxg7 31. Rd1 Rc7 32. Nh4 Kh8 33. Nf5 Qe8 34. Kg2 Rd7 35. Qa4 Nc5 36. Qc2 Rxd1 37. Qxd1 Nxe4 38. Qd5 Ng5 39. Qb7 Qf8 40. Qxa7 b5 41. Qb7 Ne6 42. Qxb5 Ng7 43. Nxg7 Kxg7 44. a4 Qa8+ 45. Kg1 Qf3 46. a5 Qd1+ 47. Kg2 e4 48. a6 Qf3+ 49. Kg1 Qd1+ 50. Kh2 Qc2 51. Kg1 Qd1+ 52. Kg2 Qf3+ 53. Kf1 Qd1+ 54. Kg2 1/2-1/2


[Site "https://www.chess.com"]

[Event "Titled Tuesday Blitz March 28 Late 2023"]
[White "Adan Bermudez, Sergio"]
[Black "Veiga, Jose Francisco R P Neves"]
[WhiteFideId "2292726"]
[BlackFideId "1930087"]
[WhiteElo "2292"]
[BlackElo "2320"]
[Result "1/2-1/2"]
[Round "05"]
[TimeControl "180+2"]
[Date "2023.03.28"]
[WhiteClock "0:00:22"]
[BlackClock "0:00:08"]

1. c4 Nf6 2. Nc3 d5 3. cxd5 Nxd5 4. g3 e5 5. Bg2 Nb6 6. d3 Be7 7. Be3 O-O 8. a4 a5 9. Bxb6 cxb6 10. Nf3 Nc6 11. O-O Be6 12. Nb5 Re8 13. Rc1 Bc5 14. Nxe5 Nxe5 15. d4 Nd7 16. dxc5 Nxc5 17. Nd6 Re7 18. e4 Bb3 19. Qd4 Bxa4 20. e5 Bc6 21. Bxc6 bxc6 22. Rcd1 Qc7 23. Rfe1 Rd8 24. Qh4 g6 25. Qg5 Nb7 26. Nf5 Ree8 27. Nh6+ Kf8 28. Qf6 Rxd1 29. Qh8+ Ke7 30. Qf6+ Kf8 31. Qh8+ Ke7 32. Qf6+ Kf8 1/2-1/2


[Site "https://www.chess.com"]

[Event "Titled Tuesday Blitz March 28 Late 2023"]
[White "Lamard, Guillaume"]
[Black "Krishnan, Varun"]
[WhiteFideId "600261"]
[BlackFideId "5054508"]
[WhiteElo "2413"]
[BlackElo "2529"]
[Result "1-0"]
[Round "05"]
[TimeControl "180+2"]
[Date "2023.03.28"]
[WhiteClock "0:00:25"]
[BlackClock "0:00:02"]

1. d4 Nf6 2. Bf4 e6 3. Nf3 d5 4. e3 Bd6 5. Ne5 O-O 6. Nd2 Nbd7 7. Bd3 b6 8. h4 Bb7 9. h5 c5 10. c3 Qc7 11. Ndf3 Ne4 12. h6 g6 13. Bxe4 dxe4 14. Nxd7 Bxf4 15. Nfe5 Bxe5 16. dxe5 Rad8 17. Nf6+ Kh8 18. Qg4 Qxe5 19. Qh4 g5 20. Ng4 Qf5 21. Qg3 f6 22. O-O Ba6 23. Rfd1 e5 24. a4 Rxd1+ 25. Rxd1 Be2 26. Rd6 Qxg4 27. Rxf6 Qc8 28. Qxe5 Kg8 29. Rg6+ Kf7 30. Rg7# 1-0


[Site "https://www.chess.com"]

[Event "Titled Tuesday Blitz March 28 Late 2023"]
[White "Dobre, Claudiu-Cristian"]
[Black "Papasimakopoulos, Alexandros"]
[WhiteFideId "1211854"]
[BlackFideId "4244125"]
[WhiteElo "2207"]
[BlackElo "2359"]
[Result "0-1"]
[Round "05"]
[TimeControl "180+2"]
[Date "2023.03.28"]
[WhiteClock "0:00:10"]
[BlackClock "0:00:14"]

1. e4 e6 2. d4 d5 3. exd5 exd5 4. Bd3 Nc6 5. c3 Bd6 6. Qf3 Nge7 7. Ne2 Be6 8. O-O Qd7 9. Bf4 Bg4 10. Qg3 Bxe2 11. Bxe2 Bxf4 12. Qxf4 O-O 13. Bg4 f5 14. Bh5 Nd8 15. Re1 Ng6 16. Bxg6 hxg6 17. Qe5 Nf7 18. Qe2 Rfe8 19. Qd1 Rxe1+ 20. Qxe1 Qb5 21. Qd2 Re8 22. Na3 Qe2 23. Qxe2 Rxe2 24. Rb1 c6 25. Kf1 Re7 26. Re1 Kf8 27. Re2 Nd6 28. f3 g5 29. Nc2 Kf7 30. Rxe7+ Kxe7 31. Ke2 Nc4 32. b3 Nd6 33. g4 g6 34. Kd3 Ke6 35. h3 Ne8 36. Ne3 Nc7 37. b4 Kf6 38. Ng2 Ne6 39. a4 b6 40. Ke3 c5 41. bxc5 bxc5 42. f4 cxd4+ 43. cxd4 Nc7 44. fxg5+ Kxg5 45. gxf5 Kxf5 46. Nf4 g5 47. Nd3 Ne6 48. Nb4 Nf4 49. a5 Ke6 50. a6 Kd6 51. Kf3 Nxh3 52. Kg4 Ng1 53. Kxg5 Nf3+ 54. Kf6 Nxd4 55. Kf7 Nc6 56. Nd3 Ne5+ 57. Nxe5 Kxe5 58. Ke7 d4 59. Kd7 d3 60. Kc7 d2 61. Kb7 d1=Q 62. Kxa7 Qa4 63. Kb7 Qb5+ 64. Ka7 Kd6 0-1


[Site "https://www.chess.com"]